 Dungeon Crawl Stone Soup version 0.17-a0-1515-gfae3d72 (webtiles) character file.

22843 jeoffreymonk the Grappler (level 12, -2/122 HPs)
             Began as a Troll Monk on July 12, 2015.
             Slain by a wolf (4 damage)
             ... on level 8 of the Lair of Beasts.
             The game lasted 01:35:37 (15317 turns).

jeoffreymonk the Grappler (Troll Monk)             Turns: 15317, Time: 01:35:37

Health: -2/122     AC:  9    Str: 22    XL:     12   Next: 66%
Magic:  11/11      EV: 15    Int:  8    God:
Gold:   652        SH: 12    Dex: 16    Spells: 1 memorised, 8 levels left

rFire  . . .     SeeInvis .       - Unarmed
rCold  . . .     Clarity  .     a - +0 robe
rNeg   . . .     SustAt   .     r - +1 shield
rPois  +         Gourm    +     (helmet restricted)
rElec  .         Spirit   .     y - +0 cloak
rCorr  .         Warding  .     (gloves unavailable)
rMut   .         Stasis   .     (boots unavailable)
MR     .....                    (no amulet)
Stlth  ++........               x - +3 ring of protection
                                g - ring of poison resistance

@: not resistant to hostile enchantments, unstealthy
A: unfitting armour, claws 3, clever 1, fast metabolism 3, gourmand,
regeneration 2, shaggy fur 1, tough skin 2
a: no special abilities


You were on level 8 of the Lair of Beasts.
You were very full.

You visited 3 branches of the dungeon, and saw 18 of its levels.

You collected 652 gold pieces.

Inventory:

Armour
 a - a +0 robe (worn)
 r - a +1 shield (worn)
 y - a +0 cloak (worn)
Jewellery
 d - a +3 ring of intelligence
 g - a ring of poison resistance (left claw)
 h - an uncursed ring of ice
 x - a +3 ring of protection (right claw)
 E - an uncursed ring of sustain attributes
Magical devices
 e - a wand of disintegration (0)
 w - a wand of hasting (5)
 A - a wand of random effects (12)
 B - a wand of flame (22)
 G - a wand of teleportation (2)
 I - a wand of random effects (11)
 L - a wand of confusion (26)
Scrolls
 c - 2 scrolls of random uselessness
 m - 2 scrolls of remove curse
 t - a scroll of fear
 C - 2 scrolls of recharging
 H - a scroll of enchant armour
Potions
 i - a potion of cancellation
 k - 5 potions of curing
 n - a potion of brilliance
 p - a potion of heal wounds
 q - 4 potions of agility
 s - 2 potions of flight
 z - a potion of invisibility {unknown}
 D - a potion of might {unknown}
 F - 2 potions of berserk rage
 J - a potion of poison {unknown}
 K - a potion of cure mutation {unknown}
Books
 v - a book of Changes

   Spells                             Type                      Level
   a - Beastly Appendage              Transmutation                1
   b - Sticks to Snakes               Transmutation                2
   c - Spider Form                    Transmutation/Poison         3
   d - Ice Form                       Ice/Transmutation            4
   e - Blade Hands                    Transmutation                5
Comestibles
 b - 6 bread rations
 f - 5 slices of pizza
 j - 7 meat rations
 l - 4 fruits
 o - a beef jerky
 u - a chunk of flesh


   Skills:
 + Level 8.8 Fighting
 + Level 8.7 Dodging
 - Level 2.0 Stealth
 + Level 7.2 Shields
 * Level 13.8 Unarmed Combat
 - Level 0.1 Spellcasting


You had 8 spell levels left.
You knew the following spells:

 Your Spells              Type           Power        Failure   Level  Hunger
a - Spider Form           Trmt/Pois      #.........   99%         3    ####...


Dungeon Overview and Level Annotations

Branches:
Dungeon (9/15)             Temple (1/1) D:5            Lair (8/8) D:9
 Shoals (0/4) Lair:3
  Snake: Lair:3-6    Spider: Lair:3-6     Slime: Lair:6-8       Orc: D:9-12

Altars:
Ashenzari
Cheibriados
Dithmenos
Elyvilon
Fedhas
Gozag
Kikubaaqudgha
Makhleb
Nemelex Xobeh
Okawaru
Qazlal
Ru
Sif Muna
Trog
Vehumet
Xom
Yredelemnul
Zin
The Shining One
Lugonu

Shops:
D:8 }

Annotations:
D:3 Noshyer's ghost, average HuSk
D:4 exclusion: centaur
D:7 exclusion: orc priest


Innate Abilities, Weirdness & Mutations

You are too large for most types of armour.
You have claws for hands.
Your metabolism is lightning-fast.
You like to eat raw meat.
You heal very quickly.
You are covered in fur (AC +1).
You have very tough skin (AC +2).
Your mind is acute. (Int +2)


Message History

You mangle the wolf!!
You kill the wolf!
A root smacks you from below.
* * * LOW HITPOINT WARNING * * *
You block the wolf's attack. The wolf barely misses you.
The wolf barely misses you.
The young spriggan druid calls out to the beasts of the wild!
You block the wolf's attack. The wolf bites you.
* * * LOW HITPOINT WARNING * * *
A wolf comes into view.
You are hit by a branch!
* * * LOW HITPOINT WARNING * * *
The wolf stops to sniff the ground.
The wolf misses you.
The wolf stops to sniff the ground.
You block the wolf's attack. x2
A root smacks you from below.
* * * LOW HITPOINT WARNING * * *
The wolf completely misses you. The wolf bites you.
You die...

..♣h.♣
♣♣..#####
♣.h.♣♣ ♣♣.#
♣h..♣ ♣....
♣.h♣♣...♣
♣♣hi...♣
.♣♣
♣♣ihh..♣
♣...♣
♣♣♣sl♣♣♣♣♣
♣...♣♣hh.h♣
♣....@hh♣♣♣
♣♣♣♣♣♣♣♣♣


You could see a spriggan rider, a komodo dragon, a young spriggan druid, a
redback and 7 wolves.

Vanquished Creatures
  5 death yaks (Lair:8)
  A griffon (Lair:7)
  3 elephants (Lair:7)
  3 black mambas
  4 spiny frogs
  A komodo dragon (Lair:7)
  A fire drake (Lair:2)
  A troll (D:9)
  5 wandering mushrooms (Lair:3)
  A polar bear (Lair:8)
  7 blink frogs
  A trapdoor spider zombie (D:9)
  A redback (Lair:7)
  20 yaks
  4 hippogriffs
  2 basilisks (Lair:2)
  18 wolves
  15 water moccasins
  2 orc warriors
  A necrophage (D:7)
  4 porcupines
  A black bear (D:9)
  An ice beast (D:4)
  9 crocodiles
  6 centaurs
  3 ogres
  A big kobold (D:8)
  10 giant frogs
  A scorpion (D:5)
  4 killer bees (D:9)
  An electric eel (Lair:3)
  7 wights
  A centaur zombie (D:5)
  4 crimson imps
  4 hounds
  3 jellies
  A quasit (D:7)
  A giant frog skeleton (D:9)
  2 centaur skeletons
  11 iguanas
  5 orc priests
  10 worker ants
  4 orc wizards
  15 sheep
  A killer bee zombie (D:9)
  A hound skeleton (D:7)
  6 adders
  8 gnolls
  8 river rats (Lair:3)
  6 shadow imps
  3 oozes
  An adder zombie (D:5)
  3 worms
  An adder skeleton (D:5)
  A giant gecko (D:9)
  28 orcs
  2 bat skeletons
  19 hobgoblins
  26 kobolds
  6 quokkas
  3 ball pythons
  12 bats
  6 giant cockroaches
  A giant cockroach zombie (D:3)
  8 giant newts
  7 goblins
  4 jackals
  A quokka skeleton (D:7)
  14 rats
381 creatures vanquished.

Vanquished Creatures (others)
  11 fungi
  13 plants
24 creatures vanquished.

Grand Total: 405 creatures vanquished

Notes
Turn   | Place    | Note
--------------------------------------------------------------
     0 | D:1      | jeoffreymonk the Troll Monk began the quest for the Orb.
     0 | D:1      | Reached XP level 1. HP: 22/22 MP: 0/0
   218 | D:1      | Reached XP level 2. HP: 29/29 MP: 1/1
   839 | D:1      | Gained mutation: Your mind is acute. (Int +2) [potion of beneficial mutation]
   977 | D:2      | Reached XP level 3. HP: 36/36 MP: 2/2
  1869 | D:3      | Reached XP level 4. HP: 36/45 MP: 3/3
  1970 | D:3      | Noticed Noshyer's ghost (average HuSk)
  2335 | D:3      | Reached skill level 5 in Unarmed Combat
  2346 | D:3      | Reached XP level 5. HP: 36/53 MP: 4/4
  2601 | D:3      | Found a bloodstained altar of Trog.
  2605 | D:3      | Found a shadowy altar of Dithmenos.
  2610 | D:3      | Found an opulent altar of Gozag.
  2689 | D:4      | Found a snail-covered altar of Cheibriados.
  2720 | D:4      | Found a shattered altar of Ashenzari.
  2834 | D:4      | Noticed a centaur
  2974 | D:4      | Found a sacrificial altar of Ru.
  3432 | D:4      | Reached XP level 6. HP: 44/61 MP: 5/5
  3478 | D:5      | Entered Level 5 of the Dungeon
  3480 | D:5      | Found a staircase to the Ecumenical Temple.
  3503 | Temple   | Entered the Ecumenical Temple
  3668 | D:5      | Found a basalt altar of Yredelemnul.
  3693 | D:5      | Reached skill level 6 in Unarmed Combat
  3804 | D:4      | Reached XP level 7. HP: 17/68 MP: 6/6
  3936 | D:5      | Found a shimmering altar of Xom.
  4261 | D:5      | Found a blossoming altar of Fedhas.
  4277 | D:5      | Reached skill level 7 in Unarmed Combat
  4790 | D:5      | You fall through a shaft for 3 floors!
  4928 | D:7      | Reached XP level 8. HP: 70/78 MP: 7/7
  5277 | D:5      | Reached skill level 1 in Shields
  5767 | D:6      | Found a stormy altar of Qazlal.
  5909 | D:6      | Reached skill level 8 in Unarmed Combat
  6030 | D:6      | Found an ancient bone altar of Kikubaaqudgha.
  7036 | D:7      | Found an iron altar of Okawaru.
  7188 | D:7      | Found a bloodstained altar of Trog.
  7259 | D:7      | Reached skill level 5 in Dodging
  7542 | D:7      | Learned a level 3 spell: Spider Form
  7630 | D:7      | Reached skill level 5 in Fighting
  8089 | D:8      | Reached XP level 9. HP: 87/87 MP: 8/8
  8097 | D:8      | Found Asatez's Gadget Shop.
  8239 | D:8      | Reached skill level 9 in Unarmed Combat
  8710 | D:9      | Found a burning altar of Makhleb.
  8711 | D:9      | Found a radiant altar of Vehumet.
  8991 | D:9      | Got an ominously black robe
  9007 | D:9      | Identified the +1 robe "Ruiffuomou" {MR++ Dex-4} (You found it on level 9 of the Dungeon)
  9023 | D:9      | Found a staircase to the Lair.
  9429 | D:9      | Reached skill level 10 in Unarmed Combat
  9453 | D:9      | Reached XP level 10. HP: 36/97 MP: 9/9
  9883 | Lair:1   | Entered Level 1 of the Lair of Beasts
 10851 | Lair:2   | Reached skill level 11 in Unarmed Combat
 11068 | Lair:2   | Reached skill level 5 in Shields
 11328 | Lair:2   | Noticed a six-headed hydra
 11623 | Lair:3   | Noticed a black mamba
 11724 | Lair:2   | Reached XP level 11. HP: 102/108 MP: 10/10
 12662 | Lair:4   | Noticed a four-headed hydra
 12731 | Lair:3   | Reached skill level 12 in Unarmed Combat
 13341 | Lair:3   | Noticed a black mamba
 13348 | Lair:3   | Killed a black mamba
 13351 | Lair:3   | Found a staircase to the Shoals.
 13449 | Lair:3   | Noticed a seven-headed hydra
 14156 | Lair:6   | Reached XP level 12. HP: 92/118 MP: 11/11
 14325 | Lair:8   | Entered Level 8 of the Lair of Beasts
 14331 | Lair:8   | Reached skill level 13 in Unarmed Combat
 14347 | Lair:8   | Noticed a four-headed hydra
 14777 | Lair:8   | Noticed a catoblepas
 15064 | Lair:8   | HP: 4/121 [death yak (7)]
 15251 | Lair:8   | Noticed a five-headed hydra
 15317 | Lair:8   | HP: 2/122 [young spriggan druid/angry trees (12)]
 15317 | Lair:8   | Slain by a wolf

Vault maps used:
D:1:      minmay_arrival_loop, minmay_shallow_snake_nest
D:2:      kennysheep_generic_room_11
D:3:      minmay_overflow_temple_star_quad
D:4:      kennysheep_mini_moat, lemuel_round_altar, kennysheep_little_box,
          first_bread, kennysheep_donut, kennysheep_generic_room_6
D:5:      overflow_temple_1_default, yredelemnul_altar_generic,
          minmay_temple_entry_metal_lava, fedhas_altar_1
D:6:      nicolae_qazlal_general_emergency, kiku_gazebo_garden_becter,
          due_unseen_surprise
D:7:      kennysheep_housing_project, okawaru_trees_1, basic_altar, minmay_holes
D:8:      serial_shops, shop
D:9:      grunt_temple_overflow_lords_of_destruction,
          due_lair_maze_entry_diamond
Temple:   corrupted_temple
Lair:3:   minmay_shoals_entry_centaurs, spider_nest_entry_funnel_web,
          fungi_pond_lemuel, minivault_24, beast_lair_carwin_6,
          lemuel_fruit_fields, lemuel_fruit_tree
Lair:4:   dpeg_oklob_gauntlet, grunt_megastairs_2
Lair:5:   basic_altar, lab_entry_generic, bobbens_ice_dragon_lair,
          grunt_megastairs_3, serial_bayou_shore_b
Lair:7:   roderic_carrion_pond, uniq_kirke
Lair:8:   minmay_lair_end_enchanted_forest, dpeg_slime_entry_enclosed_altar,
          nicolae_lair_yak_garden

Action                   |  1- 3 |  4- 6 |  7- 9 | 10-12 || total
-------------------------+-------+-------+-------+-------++-------
Melee: Unarmed           |    99 |   129 |   469 |   602 ||  1299
Evoke: Wand              |       |       |     4 |    12 ||    16
  Use: Scroll            |    10 |     2 |     9 |     8 ||    29
       Potion            |     1 |       |       |     1 ||     2
 Stab: Sleeping          |     1 |     6 |     5 |     6 ||    18
  Eat: Chunk             |    16 |    19 |    55 |    55 ||   145
